 Dungeon Crawl Stone Soup version 0.23.2-1-ga50397a6bc (webtiles) character file.

Game seed: 10714776438713163820

130 Menchi the Skirmisher (level 5, 0/51 HPs)
             Began as a Naga Fighter on May 17, 2019.
             Slain by an orc priest
             ... wielding a +0 club
              (3 damage)
             ... on level 3 of the Dungeon.
             The game lasted 00:02:58 (2132 turns).

Menchi the Skirmisher (Naga Fighter)                Turns: 2132, Time: 00:02:59

Health: 0/51       AC:  5    Str: 19    XL:     5   Next: 14%
Magic:  5/5        EV:  8    Int:  8    God:
Gold:   79         SH:  0    Dex: 11    Spells: 4/4 levels left

rFire    . . .     SeeInvis +   a - +0 trident
rCold    . . .     Gourm    .   (no shield)
rNeg     . . .     Faith    .   b - +0 scale mail
rPois    +         Spirit   .   e - +0 hat
rElec    .         Reflect  .   (no cloak)
rCorr    .         Harm     .   (no gloves)
MR       .....                  (no barding)
Stlth    ..........             (no amulet)
HPRegen  0.17/turn              (no ring)
MPRegen  0.09/turn              (no ring)

@: very slow
A: large, see invisible, deformed body, poison resistance, slowness 2, slow
metabolism 1, spit poison 1, AC +1
a: Spit Poison


You were on level 3 of the Dungeon.
You were not hungry.

You visited 1 branch of the dungeon, and saw 3 of its levels.

You collected 79 gold pieces.

Inventory:

Hand Weapons
 a - a +0 trident (weapon)
Armour
 b - a +0 scale mail (worn)
 c - a +0 shield
 e - a +0 hat (worn)
Scrolls
 g - a scroll of teleportation {unknown}
 h - a scroll of immolation {unknown}
 i - 3 scrolls of identify {unknown}
 m - a scroll of remove curse {unknown}
 p - a scroll of fear {unknown}
Potions
 d - a potion of might
 j - a potion of curing
 k - a potion of magic {unknown}
 l - a potion of ambrosia {unknown}
 o - a potion of degeneration {unknown}
Comestibles
 f - 3 rations
 n - 2 chunks of flesh


   Skills:
 * Level 4.5 Fighting
 - Level 2.0 Polearms
 - Level 2.4 Armour
 * Level 2.5 Dodging
 - Level 2.4 Shields


You had 4 spell levels left.
You didn't know any spells.
Your spell library was empty.

Dungeon Overview and Level Annotations

Branches:
Dungeon (3/15)

Altars:
Makhleb


Innate Abilities, Weirdness & Mutations

You cannot wear boots.
Your serpentine skin is tough. (AC +1)
You have supernaturally acute eyesight. (SInv)
Armour fits poorly on your strangely shaped body.
Your system is resistant to poisons. (rPois)
You cover ground very slowly.
You have a slow metabolism.
You can spit poison.


Message History

* * * LOW HITPOINT WARNING * * *
You hit the orc priest.
The orc priest is heavily wounded.
The orc hits you but does no damage. The orc hits you with a +0 mace.
* * * LOW HITPOINT WARNING * * *
The orc priest hits you but does no damage.
You hit the orc priest.
The orc priest is heavily wounded.
The orc barely misses you. The orc priest closely misses you.
The orc hits you with a +0 mace!
* * * LOW HITPOINT WARNING * * *
The orc barely misses you.
You hit the orc priest.
The orc priest is heavily wounded.
The orc priest hits you but does no damage.
The orc closely misses you. The orc hits you but does no damage.
You barely miss the orc priest.
The orc priest is heavily wounded.
The orc priest hits you with a +0 club.
You die...

...(..##............
.................###
.....#.........#...
##.#.....###....#### .##
....#.#.###÷####
....###.# #....##.....#
........#####.........#
.###)....##.........#
..........oo@...#.....#
..#####.###oo÷..........
#.##......##....###
.....#....# ....#
####.....### ... #.....#
#.....# #.....# #.....#


You could see an orc priest and 3 orcs.

Vanquished Creatures
  Terence (D:2)
  A killer bee zombie (D:3)
  2 adders
  A gnoll (D:1)
  An ooze (D:2)
  3 dart slugs (D:1)
  2 leopard geckos
  An orc (D:3)
  3 giant cockroaches (D:1)
  5 goblins
  2 hobgoblins (D:1)
  3 jackals (D:1)
  A quokka (D:2)
  2 ball pythons
  6 bats
  2 frilled lizards
  6 kobolds
  5 rats
47 creatures vanquished.

Notes
Turn   | Place    | Note
-------+----------+-------------------------------------------
     0 | D:1      | Menchi the Naga Fighter began the quest for the Orb.
     0 | D:1      | Reached XP level 1. HP: 21/21 MP: 1/1
   111 | D:1      | Reached XP level 2. HP: 7/28 MP: 2/2
   363 | D:1      | Reached skill level 1 in Dodging
   448 | D:1      | Reached XP level 3. HP: 19/34 MP: 3/3
  1329 | D:2      | Found a burning altar of Makhleb.
  1341 | D:2      | Noticed Terence
  1350 | D:2      | Killed Terence
  1350 | D:2      | Reached skill level 4 in Fighting
  1350 | D:2      | Reached XP level 4. HP: 8/44 MP: 4/4
  1921 | D:3      | Reached XP level 5. HP: 29/51 MP: 5/5
  2130 | D:3      | HP: 2/51 [orc/+0 mace (7)]
  2132 | D:3      | Slain by an orc priest

Skill      XL: |  1  2  3 |
---------------+----------+-----
Dodging        | 1 2 |  2.5
Fighting       | 4 |  4.5
Polearms       | |  2.0
Armour         | |  2.4
Shields        | |  2.4

Action                   |  1- 3 |  4- 6 || total
-------------------------+-------+-------++-------
Melee: Trident           |   123 |    43 ||   166
 Abil: Spit Poison       |     1 |       ||     1
  Eat: Chunk             |     1 |     2 ||     3
Armor: Scale mail        |    58 |    25 ||    83
Dodge: Dodged            |    44 |    20 ||    64
